 Dungeon Crawl Stone Soup version 0.19-a0-1855-gb7442ac (webtiles) character file.

1196 hurricos the Covert (level 8, -7/52 HPs)
             Began as a Spriggan Abyssal Knight on Oct 11, 2016.
             Was a Priest of Hepliaklqana.
             Mangled by a thrashing horror (10 damage)
             ... created by the touch of Lugonu
             ... on level 6 of the Dungeon.
             The game lasted 00:09:30 (5211 turns).

hurricos the Covert (Spriggan Abyssal Knight)       Turns: 5211, Time: 00:09:31

Health: -7/52      AC:  2    Str: 13      XL:     8   Next: 20%
Magic:  10/10      EV: 21    Int: 12 (14) God:    Hepliaklqana [***...]
Gold:   314        SH:  0    Dex: 17      Spells: 0 memorised, 7 levels left

rFire  x . .     SeeInvis +     d - +1 rapier (speed)
rCold  + . .     Gourm    .     b - +0 robe
rNeg   + . .     Faith    .     (shield restricted)
rPois  .         Spirit   .     (helmet restricted)
rElec  .         Dismiss  .     (no cloak)
rCorr  .         Reflect  .     (gloves unavailable)
MR     +....     Harm     .     (boots unavailable)
Stlth  .......... Rnd*Rage +    o - amulet of rage
                                p - ring of positive energy
                                x - ring of ice

@: berserking, very quick
A: unfitting armour, reduced essence, see invisible, berserk 1, deterioration 1,
herbivore 3, speed 3, slow metabolism 2
a: Recall Ancestor, Ancestor Identity, Transference, Renounce Religion, Evoke
Berserk Rage


You were on level 6 of the Dungeon.
You worshipped Hepliaklqana.
Hepliaklqana was most pleased with you.
You were very full.

You visited 1 branch of the dungeon, and saw 6 of its levels.
You visited the Abyss 2 times.
You also visited: Sewer.

You collected 314 gold pieces.

Inventory:

Hand Weapons
 a - a +1 spear
 d - a +1 rapier of speed (weapon)
 j - a +0 club
Armour
 b - a +0 robe (worn)
Jewellery
 g - an uncursed amulet of magic regeneration
 o - an amulet of rage (around neck)
 p - a ring of positive energy (right hand)
 t - a +2 ring of strength
 v - an uncursed ring of poison resistance
 w - an uncursed amulet of regeneration
 x - a ring of ice (left hand)
Wands
 r - a wand of lightning (9/15)
Scrolls
 h - 3 scrolls of remove curse
 k - 3 scrolls of amnesia {unknown}
 n - a scroll of recharging {unknown}
 q - a scroll of blinking {unknown}
 s - a scroll of enchant armour {unknown}
 u - 2 scrolls of identify
 y - a scroll of magic mapping
 B - a scroll of teleportation
Potions
 e - 3 potions of heal wounds
 i - 2 potions of flight
 l - a potion of berserk rage
 z - a potion of might
Books
 m - a book of Fire

   Spells                             Type                      Level
   a - Ignite Poison                  Fire/Transmutation/Poison    3
   b - Fireball                       Conjuration/Fire             5
   c - Bolt of Fire                   Conjuration/Fire             6
   d - Delayed Fireball               Conjuration/Fire             7
   e - Ring of Flames                 Charms/Fire                  7
Comestibles
 c - 3 bread rations
 f - 7 fruits
 A - a slice of pizza


   Skills:
 - Level 2.4 Fighting
 - Level 4.6 Short Blades
 - Level 1.3 Polearms
 - Level 5.6 Dodging
 * Level 12.2 Stealth
 - Level 1.7 Invocations


You had 7 spell levels left.
You didn't know any spells.

Dungeon Overview and Level Annotations

Branches:
Dungeon (6/15)
 Temple: D:4-7

Altars:
Ashenzari
Cheibriados
Hepliaklqana
Kikubaaqudgha
Ru
Trog
The Shining One

Shops:
D:4 :

Annotations:
D:2 Sigmund


Innate Abilities, Weirdness & Mutations

You are very small and have problems with some larger weapons.
You are too small for most types of armour.
You have supernaturally acute eyesight. (SInv)
You are a herbivore.
You cover ground extremely quickly.
You need consume almost no food.
Your life essence is reduced. (-10% HP)
You tend to lose your temper in combat.
Your body sometimes deteriorates upon taking damage.


Message History

The thrashing horror is heavily damaged.
The thrashing horror completely misses you.
The thrashing horror closely misses you.
You puncture the thrashing horror!
The thrashing horror is severely damaged.
The thrashing horror tramples you!
* * * LOW HITPOINT WARNING * * *
You hold your ground!
The thrashing horror tramples you.
* * * LOW HITPOINT WARNING * * *
You hold your ground!
You hit the thrashing horror.
The thrashing horror is severely damaged.
The thrashing horror tramples you!
* * * LOW HITPOINT WARNING * * *
You hold your ground!
The thrashing horror barely misses you. The small abomination misses you.
You closely miss the thrashing horror.
The thrashing horror is severely damaged.
The thrashing horror tramples you!
You die...

.......................#...#
.......................#...#
................##'#########
...........######.....##...#
...........#...............#
...........#...............#
...........#...............#
...........#.....X..)......#
...........#."..@x.))......#
...........#...##.....##...#
........†..#...##.....##...#
####.......#...........#...#
#.......#...........#...#
#.......#...........'...#
#.......#...##.....##...#
#.......#...##....%##...#
###+##..######.....##...#


You could see a thrashing horror and a small abomination.

Vanquished Creatures
  A thrashing horror (D:4)
  A hippogriff (D:4)
  Edmund (D:6)
  A phantom (D:4)
  2 centaurs (D:5)
  Blork the orc (D:6)
  A bullfrog (D:6)
  A bullfrog zombie (D:5)
  A hound (D:6)
  2 centaur skeletons (D:5)
  Terence (D:3)
  2 worker ants
  5 gnolls
  3 adders
  An ooze (D:2)
  An adder skeleton (D:4)
  6 worms
  A dart slug (D:3)
  6 leopard geckos
  An orc (D:3)
  3 ball pythons
  2 giant cockroaches
  7 hobgoblins
  2 jackals
  A quokka (D:4)
  10 bats
  5 frilled lizards
  8 goblins
  9 kobolds
  11 rats
97 creatures vanquished.

Vanquished Creatures (collateral kills)
  A phantom (D:4)
  A big kobold (Sewer)
  A hobgoblin (D:3)
  A kobold (Sewer)
  A frilled lizard (D:4)
5 creatures vanquished.

Vanquished Creatures (others)
  A hexer (D:4)
  2 ancestors
3 creatures vanquished.

Grand Total: 105 creatures vanquished

Notes
Turn   | Place    | Note
-------+----------+-------------------------------------------
     0 | Abyss:1  | hurricos the Spriggan Abyssal Knight began the quest for the Orb.
     0 | Abyss:1  | Reached XP level 1. HP: 11/11 MP: 3/3
   121 | Abyss:2  | Noticed an apocalypse crab
   146 | Abyss:2  | Noticed a smoke demon
   158 | Abyss:2  | Noticed an iron imp
   179 | D:1      | Escaped the Abyss
   224 | D:1      | Reached * piety under Lugonu
   224 | D:1      | Reached skill level 1 in Short Blades
   338 | D:1      | Reached XP level 2. HP: 12/16 MP: 4/4
   788 | D:1      | You fall through a shaft!
  1265 | D:1      | Reached XP level 3. HP: 19/19 MP: 5/5
  1315 | D:2      | Found a faded altar of an unknown god.
  1338 | D:2      | Fell from the grace of Lugonu
  1338 | D:2      | Became a worshipper of Ru the Awakened
  1539 | D:2      | Found a bloodstained altar of Trog.
  1924 | D:2      | Found a snail-covered altar of Cheibriados.
  1925 | D:2      | Noticed Sigmund
  1938 | D:3      | Reached XP level 4. HP: 22/23 MP: 6/6
  2110 | D:3      | Found a hazy altar of Hepliaklqana.
  2119 | D:3      | Fell from the grace of Ru
  2119 | D:3      | Became a worshipper of Hepliaklqana the Forgotten
  2338 | D:3      | Reached skill level 5 in Dodging
  2387 | D:3      | Found a glowing drain.
  2391 | Sewer    | Entered a sewer
  2481 | Sewer    | Noticed a big kobold
  2508 | Sewer    | Killed a big kobold
  2508 | Sewer    | Reached XP level 5. HP: 12/24 MP: 7/7
  2608 | Sewer    | Found a white marble altar of Elyvilon.
  2967 | Sewer    | Noticed a small abomination
  2967 | Sewer    | Cast into level 1 of the Abyss (Lugonu's touch)
  2970 | Abyss:1  | Noticed a large abomination
  2997 | Abyss:1  | Noticed a brown very ugly thing
  3005 | Abyss:1  | Reached * piety under Hepliaklqana
  3044 | Abyss:1  | Noticed a neqoxec
  3062 | Abyss:1  | Noticed a large abomination
  3082 | Abyss:1  | Noticed a small abomination
  3103 | Abyss:1  | Noticed a small abomination
  3136 | Abyss:1  | Noticed a wretched star
  3153 | Abyss:1  | Noticed a sky beast
  3163 | Abyss:1  | Noticed a spatial maelstrom
  3164 | Abyss:1  | Noticed a spatial vortex
  3165 | Abyss:1  | Noticed a spatial vortex
  3166 | Abyss:1  | Noticed a spatial vortex
  3166 | Abyss:1  | Noticed a spatial vortex
  3168 | Abyss:1  | Noticed a spatial vortex
  3175 | Abyss:1  | Noticed a spatial vortex
  3176 | Abyss:1  | Noticed a spatial vortex
  3181 | Abyss:1  | Noticed a spatial vortex
  3181 | Abyss:1  | Noticed a spatial vortex
  3185 | Abyss:1  | Noticed a spatial vortex
  3188 | Abyss:1  | Noticed a large abomination
  3188 | Abyss:1  | Noticed an insubstantial wisp
  3191 | Abyss:1  | Noticed a spatial vortex
  3229 | Sewer    | Escaped the Abyss
  3448 | D:3      | Noticed Terence
  3472 | D:3      | Killed Terence
  3472 | D:3      | Reached skill level 2 in Stealth
  3671 | D:4      | Found an ancient bone altar of Kikubaaqudgha.
  3682 | D:4      | Reached ** piety under Hepliaklqana
  3683 | D:4      | Remembered your ancestor Tochtli as a hexer
  3797 | D:4      | Noticed a phantom
  3909 | D:4      | Killed a phantom
  3909 | D:4      | Reached skill level 4 in Stealth
  3909 | D:4      | Reached XP level 6. HP: 10/28 MP: 8/8
  3935 | D:4      | Found a shattered altar of Ashenzari.
  3935 | D:4      | Found a glowing golden altar of the Shining One.
  4079 | D:4      | Noticed a thrashing horror
  4083 | D:4      | Gained mutation: You are resistant to electric shocks. (rElec) [potion of mutation]
  4083 | D:4      | Lost mutation: You are resistant to electric shocks. (rElec) [potion of mutation]
  4083 | D:4      | Gained mutation: Your body sometimes deteriorates upon taking damage. [potion of mutation]
  4095 | D:4      | Killed a thrashing horror
  4432 | D:4      | Noticed a hippogriff
  4444 | D:4      | Killed a hippogriff
  4444 | D:4      | Reached skill level 7 in Stealth
  4473 | D:4      | Reached skill level 8 in Stealth
  4473 | D:4      | Reached XP level 7. HP: 23/31 MP: 9/9
  4523 | D:4      | Found a bloodstained altar of Trog.
  4614 | D:4      | Found Ydimm's Book Shoppe.
  4627 | D:4      | Noticed a small abomination
  4669 | D:5      | Entered Level 5 of the Dungeon
  4724 | D:5      | Reached skill level 9 in Stealth
  4725 | D:5      | Gained mutation: You tend to lose your temper in combat. [potion of mutation]
  4760 | D:5      | Reached skill level 10 in Stealth
  4871 | D:5      | Noticed a thrashing horror
  4906 | D:6      | Reached *** piety under Hepliaklqana
  4914 | D:6      | Reached skill level 11 in Stealth
  4963 | D:6      | Reached XP level 8. HP: 34/35 MP: 10/10
  5021 | D:6      | Noticed Edmund
  5031 | D:6      | Killed Edmund
  5049 | D:6      | Noticed Blork the orc
  5061 | D:6      | Killed Blork the orc
  5061 | D:6      | Reached skill level 12 in Stealth
  5202 | D:6      | Noticed a thrashing horror
  5211 | D:6      | Mangled by a thrashing horror

Vault maps used:
D:1:      saegor_arrival_under_anarchy
D:2:      lemuel_round_altar, lemuel_round_altar, ecumenical_altar_1,
          first_bread, minmay_strange_pillars, uniq_sigmund
D:3:      lemuel_round_altar, gup_sewer_entry_bowl, st_stairs_6,
          kennysheep_generic_room_8, uniq_terence
D:4:      lemuel_doored_altar, gammafunk_temple_overflow_wave, serial_shops,
          nicolae_shop_waterfront, trog_three_pillars_becter
D:5:      grunt_temple_overflow_champion_of_chaos, led_sif_book
D:6:      nemelex_xobeh_ov_fountains_minmay, kennysheep_pointless_box,
          kennysheep_small_circle, uniq_edmund, uniq_blork_the_orc
Sewer:    sewer_kobolds

Skill      XL: |  1  2  3  4  5  6  7  8 |
---------------+-------------------------+-----
Short Blades   | 1 2 3 4 |  4.6
Dodging        | 4 5 |  5.6
Stealth        | 4 8 11 12 | 12.2
Fighting       | |  2.4
Polearms       | |  1.3
Invocations    | |  1.7

Action                   |  1- 3 |  4- 6 |  7- 9 || total
-------------------------+-------+-------+-------++-------
Melee: Rapier            |   142 |   198 |    99 ||   439
Invok: Depart the Abyss  |     1 |       |       ||     1
       Recall Ancestor   |       |     1 |     1 ||     2
       Ancestor Life: He |       |     1 |       ||     1
 Abil: Evoke Berserk Rag |       |       |     1 ||     1
  Use: Scroll            |       |     7 |       ||     7
       Potion            |       |     6 |     2 ||     8
 Stab: Sleeping          |     3 |     2 |     9 ||    14
       Distracted        |       |     3 |       ||     3
       Confused          |       |       |     2 ||     2
  Eat: Bread ration      |       |     2 |       ||     2
Armor: Robe              |    16 |     9 |     2 ||    27
Dodge: Dodged            |    93 |   130 |    67 ||   290
